 Dungeon Crawl Stone Soup version 0.28-a0-2-g643f2454ad (webtiles) character file.

Game seed: 3282306067381493993

2703 PentaManta the Slinger (level 9, 0/82 HPs)
             Began as a Minotaur Hunter on July 22, 2021.
             Slain by Harold (2 damage)
             ... on level 7 of the Dungeon.
             The game lasted 00:13:25 (8897 turns).

PentaManta the Slinger (Minotaur Hunter)            Turns: 8897, Time: 00:13:25

Health: 0/82       AC:  8    Str: 19    XL:     9   Next: 38%
Magic:  0/8        EV: 10    Int: 14    God:
Gold:   267        SH:  5    Dex: 12    Spells: 8/8 levels left

rFire   + + .      SeeInvis .   k - +3 short sword (venom)
rCold   . . .      Faith    .   A - +0 buckler
rNeg    . . .      Spirit   +   z - +0 scale mail
rPois   .          Reflect  .   v - +2 hat
rElec   .          Harm     .   (no cloak)
rCorr   .          Rampage  .   (no gloves)
Will    .....                   (no boots)
Stlth   ..........              o - amulet of guardian spirit
HPRegen 0.23/turn               y - ring of Zeulitui {rF++ Int+6}
MPRegen 0.11/turn               (no ring)

@: marked
A: horns 2, retaliatory headbutt
a: no special abilities


You were on level 7 of the Dungeon.
You visited 2 branches of the dungeon, and saw 8 of its levels.

You collected 267 gold pieces.

Inventory:

Hand Weapons
 a - a +2 hunting sling
 k - a +3 short sword of venom (weapon)
 q - a +0 hand axe of venom
Missiles
 d - 61 sling bullets
 g - 76 stones (quivered)
 m - 54 poisoned darts
Armour
 p - +0 storm dragon scales
 v - a +2 hat (worn)
 w - a +0 chain mail
 z - a +0 scale mail (worn)
 A - a +0 buckler (worn)
Jewellery
 o - an amulet of guardian spirit (around neck)
 u - an amulet of the acrobat
 y - the ring of Zeulitui (left hand) {rF++ Int+6}
   (You took it off a goblin on level 4 of the Dungeon)

   [ring of intelligence]

   Int:       It affects your intelligence (+6).
   rF:        It greatly protects you from fire.
Wands
 c - a wand of polymorph (4)
 e - a wand of digging (5)
 x - a wand of flame (6)
Scrolls
 b - a scroll of torment {unknown}
 f - 3 scrolls of teleportation
 j - a scroll of blinking
Potions
 h - 4 potions of curing
 i - a potion of attraction {unknown}
 l - 2 potions of degeneration {unknown}
 r - 2 potions of heal wounds {unknown}
 s - 2 potions of might
 t - 3 potions of flight {unknown}
 D - 2 potions of mutation {unknown}
 F - a potion of cancellation {unknown}


   Skills:
 + Level 8.6 Fighting
 * Level 11.8 Slings
 - Level 2.1 Dodging
 - Level 0.7 Stealth
 - Level 4.0 Shields


You had 8 spell levels left.
You didn't know any spells.
Your spell library contained the following spells:

 Spells                   Type           Power      Damage    Failure   Level
 Sandblast                Erth           0%         2d4       67%         1
 Passwall                 Tmut/Erth      0%         N/A       80%         2
 Sublimation of Blood     Necr           0%         N/A       80%         2
 Wereblood                Tmut           0%         N/A       80%         2
 Inner Flame              Hex/Fire       0%         N/A       95%         3
 Cause Fear               Hex            0%         N/A       100%        4
 Summon Ice Beast         Ice/Summ       0%         N/A       100%        4
 Lee's Rapid Deconstruct  Erth           0%         3d5*      100%        5
 Summon Mana Viper        Hex/Summ       0%         N/A       100%        5
 Monstrous Menagerie      Summ           0%         N/A       100%        7
 Summon Hydra             Summ           0%         N/A       100%        7
 Discord                  Hex            0%         N/A       100%        8


Dungeon Overview and Level Annotations

Branches:
Dungeon (7/15)             Temple (1/1) D:6

Altars:
Ashenzari
Cheibriados
Dithmenos
Fedhas
Hepliaklqana
Kikubaaqudgha
Makhleb
Qazlal
Sif Muna
Vehumet
Zin
The Shining One

Shops:
D:4 (   D:5 [

Annotations:
D:7 Harold


Innate Abilities, Weirdness & Mutations

You have a pair of horns on your head.
You reflexively headbutt those who attack you in melee.


Message History

An orc wizard comes into view.
It is wielding a +0 dagger of holy wrath.
Harold casts a spell at you. The mark upon you grows brighter.
You see here a throwing net.
Harold gestures at you while chanting. The mark upon you grows brighter.
Items here: )) [ †.
Unknown command.
Harold fires a harpoon shot at you. The harpoon shot hits you!
* * * LOW HITPOINT WARNING * * *
You are yanked forward by the harpoon shot.
The orc wizard gestures wildly while chanting.
The orc wizard flickers and vanishes!
Deactivating autopickup; reactivate with Ctrl-A.
You see here a throwing net.
Harold gestures at you while chanting. The mark upon you grows brighter.
Harold closely misses you.
Harold says, "Listen, it's nothing personal.
It's just a job."
The black bear bites you.
* * * LOW HITPOINT WARNING * * *
The black bear claws you but does no damage.
The black bear barely misses you.
Your +3 short sword of venom begins to drip with poison!
k - a +3 short sword of venom (weapon)
Harold gestures at you while chanting. The mark upon you grows brighter.
You hit Harold.
Harold is poisoned.
Harold is severely wounded.
You block Harold's attack.
You hit Harold.
Harold is severely wounded.
Harold gestures at you while chanting. The mark upon you grows brighter.
You hit Harold.
Harold looks as sick as possible!
Harold is almost dead.
Harold hits you with a +2 vorpal war axe!
* * * LOW HITPOINT WARNING * * *
You die...

## #. ### #.## ##[# #
#.@### #<.# ##.
#...#@h### ##)###...
#...###..{####.(((....
#...# ##......(...(...
#...# ##..........((..
..## #............((.
. #....).##(....(.
#...(.#####...((
#..(..# ###.(.


You could see Harold (extremely poisoned) and a black bear.

Vanquished Creatures
  Grinder (D:6)
  A steam dragon (D:6)
  Menkaure (D:5)
  Duvessa (D:7)
  A water moccasin (D:6)
  A black bear (D:6)
  An orc warrior (D:6)
  A sky beast (D:6)
  A necrophage (D:6)
  2 ogres
  2 centaurs
  2 bullfrogs
  Dowan (D:7)
  A scorpion (D:6)
  2 wights (D:6)
  A howler monkey (D:6)
  A centaur zombie (D:6)
  2 bullfrog zombies (D:6)
  A human zombie (D:6)
  2 orc priests
  A bullfrog skeleton (D:7)
  Jessica (D:3)
  Ijyb (D:4)
  Terence (D:3)
  3 iguanas
  9 orc wizards
  A statue (D:4)
  A killer bee zombie (D:6)
  2 hound skeletons
  3 mummies (D:6)
  A howler monkey zombie (D:6)
  A howler monkey skeleton (D:4)
  10 adders
  4 gnolls (D:6)
  2 ufetubi
  2 dart slugs (D:1)
  4 worms
  23 orcs
  4 endoplasms
  3 giant cockroaches
  8 goblins
  6 hobgoblins
  8 jackals
  2 quokkas
  8 ball pythons
  4 bats
  5 frilled lizards
  8 kobolds
  7 rats
159 creatures vanquished.

Notes
Turn   | Place    | Note
-------+----------+-------------------------------------------
     0 | D:1      | PentaManta the Minotaur Hunter began the quest for the Orb.
     0 | D:1      | Reached XP level 1. HP: 18/18 MP: 0/0
   120 | D:1      | Reached XP level 2. HP: 23/25 MP: 1/1
   122 | D:1      | Reached skill level 5 in Slings
   787 | D:2      | Reached XP level 3. HP: 30/30 MP: 2/2
  1460 | D:2      | Found a stormy altar of Qazlal.
  1877 | D:2      | Reached skill level 6 in Slings
  1877 | D:2      | Reached XP level 4. HP: 35/38 MP: 3/3
  2198 | D:3      | Found a faded altar of an unknown god.
  2705 | D:3      | Noticed Jessica
  2707 | D:3      | Killed Jessica
  2708 | D:3      | Reached XP level 5. HP: 45/45 MP: 4/4
  2894 | D:3      | Noticed Terence
  2923 | D:3      | Killed Terence
  3093 | D:4      | Found Ysed's Weapon Shop.
  3146 | D:4      | Reached skill level 7 in Slings
  3266 | D:4      | Noticed Ijyb
  3287 | D:4      | Killed Ijyb
  3422 | D:4      | Identified the ring of Zeulitui {rF++ Int+6}
  3435 | D:4      | Reached XP level 6. HP: 49/52 MP: 5/5
  4245 | D:4      | Found a radiant altar of Vehumet.
  4298 | D:4      | Found a hazy altar of Hepliaklqana.
  4357 | D:5      | Entered Level 5 of the Dungeon
  4390 | D:5      | Found Nyronop's Antique Armour Boutique.
  4391 | D:5      | Noticed Menkaure
  4397 | D:5      | Killed Menkaure
  4398 | D:5      | Reached skill level 5 in Fighting
  4398 | D:5      | Reached skill level 8 in Slings
  4398 | D:5      | Reached XP level 7. HP: 33/61 MP: 6/6
  5377 | D:6      | Noticed Grinder
  5397 | D:6      | Reached skill level 1 in Shields
  5410 | D:6      | Killed Grinder
  5411 | D:6      | Reached skill level 9 in Slings
  5581 | D:6      | Noticed a steam dragon
  5600 | D:6      | Killed a steam dragon
  5601 | D:6      | Reached XP level 8. HP: 68/70 MP: 7/7
  5881 | D:6      | Reached skill level 10 in Slings
  6128 | D:6      | Found an ancient bone altar of Kikubaaqudgha.
  6579 | D:6      | Found a staircase to the Ecumenical Temple.
  6876 | Temple   | Entered the Ecumenical Temple
  7224 | D:6      | Identified the +2 leather armour "Elohisau" {rElec Str-5
                  | Dex+2}
  7270 | D:6      | Reached skill level 11 in Slings
  7280 | D:6      | Reached XP level 9. HP: 48/80 MP: 6/8
  8171 | D:7      | Noticed Dowan
  8348 | D:7      | Noticed Duvessa
  8702 | D:7      | Killed Duvessa
  8702 | D:7      | Killed Dowan
  8863 | D:7      | Noticed Harold
  8897 | D:7      | HP: 2/82 [Harold (14)]
  8897 | D:7      | Slain by Harold

Illustrated notes

Levels and vault maps discovered:
D:1:      dpeg_arrival_arbitrary_a, layout_basic
D:2:      minmay_razor_zed, layout_basic, basic_altar, minivault_27,
          due_unseen_surprise
D:3:      layout_basic, hellmonk_ecumenical_altar_slurped_away, uniq_jessica,
          uniq_terence
D:4:      layout_loops_ring, worldfamousw_hep_ancestral_shrine, vehumet_statue,
          nicolae_stop_n_shop_1, uniq_ijyb
D:5:      layout_basic, serial_glass, glass_columns_a, glass_columns_a,
          glass_columns_b, glass_columns_c, glass_columns_a, glass_columns_c,
          glass_columns_a, glass_columns_b, serial_shops, shop, uniq_menkaure
D:6:      black_bear_nest_2, layout_loops_ring,
          lemuel_mausoleum_altar_kikubaaqudgha, minmay_temple_entry_junction_2,
          kennysheep_cross_room, uniq_grinder
D:7:      layout_layer_cave, uniq_harold, uniq_duvessa
Temple:   compressed_dpeg_triangle_lava_temple

Skill      XL: |  1  2  3  4  5  6  7  8  9 |
---------------+----------------------------+-----
Slings         | 5 6 7 8 9 11 | 11.8
Fighting       | 3 4 5 6 7 8 |  8.6
Shields        | 3 4 |  4.0
Dodging        | |  2.1
Stealth        | |  0.7

Action                   |  1- 3 |  4- 6 |  7- 9 || total
-------------------------+-------+-------+-------++-------
Melee: Hand axe          |       |     6 |    20 ||    26
       Headbutt          |       |       |     4 ||     4
       Hunting sling     |       |       |     1 ||     1
       Short sword       |       |       |     3 ||     3
 Fire: Hunting sling     |   138 |   260 |   376 ||   774
Evoke: Wand              |       |     1 |       ||     1
  Use: Scroll            |       |       |    11 ||    11
       Potion            |       |       |     1 ||     1
Armor: Ring mail         |     6 |    21 |       ||    27
       Leather armour    |     2 |       |       ||     2
       Scale mail        |       |     4 |    64 ||    68
Dodge: Dodged            |    15 |    46 |    77 ||   138
Block: Buckler           |       |       |    37 ||    37

Table legend: (Time is in decaauts)
 A = Elapsed time spent in this place.
 B = Non-inter-level travel time spent in this place.
 C = Inter-level travel time spent in this place.
 D = Time resting spent in this place.
 E = Time spent auto-exploring this place.
 F = Levels seen in this place.
 G = Mean time per level.
                   A        B        C        D        E       F      G
               +--------+--------+--------+--------+--------+-----+--------+
         Total |   8744 |   8350 |    394 |    900 |   6068 |   8 | 1093.0 |
       Dungeon |   8478 |   8095 |    383 |    900 |   5821 |   7 | 1211.1 |
        Temple |    266 |    255 |     11 |      0 |    247 |   1 |  266.0 |
               +--------+--------+--------+--------+--------+-----+--------+

Top non-repeatable levels by time:
     D:6: 2849 daAuts
     D:4: 1239 daAuts
     D:2: 1211 daAuts
     D:3: 1079 daAuts
     D:5: 1003 daAuts
     D:1: 779 daAuts
     D:7: 315 daAuts
  Temple: 266 daAuts
